[Event "*** Titled Tuesday Blitz"]
[Site "Chess.com"]
[Date "2020.04.28"]
[Round "7"]
[White "BocharovD"]
[Black "Hanging_pointer"]
[Result "1-0"]
[WhiteElo "2806"]
[BlackElo "2604"]
[TimeControl "180+1"]
[EndTime "11:17:56 PDT"]
[Termination "BocharovD won on time"]

1. c4 c6 2. Nf3 d5 3. e3 Nf6 4. Nc3 Bg4 5. cxd5 Nxd5 6. Be2 e6 7. O-O Be7 8. d4 O-O 9. h3 Bh5 10. Ne4 Nd7 11. Ng3 Bg6 12. a3 a5 13. Re1 Rc8 14. Bf1 c5 15. e4 N5f6 16. d5 exd5 17. e5 Ne4 18. Qxd5 Nxg3 19. fxg3 Nb6 20. Qxb7 c4 21. Kh2 Bc5 22. Bg5 Qc7 23. Qxc7 Rxc7 24. Bd2 Ra7 25. Rac1 Rc8 26. e6 fxe6 27. Rxe6 Bf7 28.
Re5 Na4 29. Rc2 Bf8 30. Ng5 Bd6 31. Nxf7 Kxf7 32. Re4 c3 33. Rxa4 cxd2 34. Rxd2 Rd8 35. Rad4 Rad7 36. Kh1 1-0

[Event "*** Titled Tuesday Blitz"]
[Site "Chess.com"]
[Date "2020.04.28"]
[Round "7"]
[White "anon132639"]
[Black "Sanyura"]
[Result "0-1"]
[WhiteElo "2655"]
[BlackElo "2511"]
[TimeControl "180+1"]
[EndTime "11:17:56 PDT"]
[Termination "Sanyura won on time"]

1. d4 Nf6 2. Nf3 g6 3. c4 Bg7 4. Nc3 d6 5. e4 O-O 6. h3 Na6 7. Be3 c5 8. d5 e6 9. Bd3 exd5 10.
exd5 Nb4 11. Bb1 b5 12. a3 Qa5 13. O-O bxc4 14. Re1 Bb7 15. axb4 Qxa1 16. bxc5 dxc5 17. Bxc5 Rfd8 18. d6 Qxb2 19. Re7 Rab8 20. Na4 Qb5 21. Bc2 Nd5 22. Qe2 Nxe7 23. dxe7 Re8 24. Ne5 Rxe7 25. Bxe7 Qxe5 26. Qxe5 Bxe5 27. Nc5 Bc6 28. Na6 Rb2 29. Nb4 Bb7 0-1

[Event "*** Titled Tuesday Blitz"]
[Site "Chess.com"]
[Date "2020.04.28"]
[Round "7"]
[White "dimke2802"]
[Black "Gvetadze"]
[Result "0-1"]
[WhiteElo "2490"]
[BlackElo "2385"]
[TimeControl "180+1"]
[EndTime "11:17:56 PDT"]
[Termination "Gvetadze won on time"]

1. d4 Nf6 2. Nf3 g6 3. c4 Bg7 4.
g3 O-O 5. Bg2 c5 6. O-O d6 7.
dxc5 dxc5 8. Ne5 Qc7 9. Nd3 Nbd7 10. Nc3 a6 11. Bf4 e5 12. Bg5 Nb6 13. Rc1 Be6 14.
Bxf6 Bxf6 15. Nd5 Bxd5 16. cxd5 c4 17. b3 e4 18. Nf4 c3 19. Bxe4 Qe5 20. Bg2 Rfd8 21.
Qd3 Rac8 22. e3 Bh8 23. Rfd1 Rc5 24. d6 Rd7 25. a4 Nc8 26. Nd5 Rxd6 27. e4 Rcc6 28.
f4 Qe8 29. e5 Rd8 30. Rxc3 Rxc3 31. Qxc3 Ne7 32. Nf6+ Bxf6 33. Rxd8 Qxd8 34. exf6 Nf5 35. Bxb7 Qb6+ 36. Kg2 Qxb7+ 37. Kh3 h5 38. b4 Qh1 39. Qc8+ Kh7 40. Qxa6 Qf3 41. Qc4 Qg4+ 42. Kg2 Ne3+ 0-1

[Event "*** Titled Tuesday Blitz"]
[Site "Chess.com"]
[Date "2020.04.28"]
[Round "7"]
[White "LuckIsMySkill"]
[Black "Mr_Sinigami"]
[Result "1-0"]
[WhiteElo "2718"]
[BlackElo "2545"]
[TimeControl "180+1"]
[EndTime "11:17:57 PDT"]
[Termination "LuckIsMySkill won on time"]

1. Nf3 Nf6 2. g3 d5 3. Bg2 Bf5 4. O-O c6 5. c4 e6 6. Qb3 Qb6 7. Nh4 Bg6 8. cxd5 exd5 9. Nxg6 hxg6 10. Nc3 Be7 11. Qc2 Nbd7 12. e3 O-O 13. d4 Ne8 14.
Bd2 Nd6 15. h4 Nf6 16. Bf3 Rfe8 17. Kg2 Bf8 18. Na4 Qd8 19. Nc5 Nfe4 20. Nxe4 dxe4 21. Be2 Rc8 22. Qb3 Qf6 23. Rac1 Nf5 24. Rh1 b6 25. h5 gxh5 26. Rxh5 g6 27. Rh3 Bg7 28. a4 Qg5 29. a5 Nxd4 30. Qd1 Nxe2 31. Qxe2 Red8 32.
axb6 axb6 33. Bc3 Bxc3 34. Rxc3 Kg7 35. Qa6 Qb5 36. Qa3 c5 37. Rc1 Qb4 38. Qa7 Rh8 39.
Rch1 Rxh3 40. Rxh3 Qxb2 41. Qe7 Rc6 42. Qd8 f6 43. Qd7+ 1-0

[Event "*** Titled Tuesday Blitz"]
[Site "Chess.com"]
[Date "2020.04.28"]
[Round "7"]
[White "DrBergerBerger"]
[Black "giantslayer83"]
[Result "0-1"]
[WhiteElo "2439"]
[BlackElo "2684"]
[TimeControl "180+1"]
[EndTime "11:17:57 PDT"]
[Termination "giantslayer83 won by resignation"]

1. e4 e5 2. Nf3 Nc6 3. Bb5 a6 4. Ba4 Nf6 5. O-O b5 6. Bb3 Bc5 7. d3 O-O 8. Nc3 h6 9. h3 d6 10.
a3 Be6 11. Nd5 Bxd5 12. exd5 Nd4 13. Ba2 Nh7 14. c3 Nxf3+ 15. Qxf3 f5 16. Bd2 Bb6 17.
Rae1 Qh4 18. Kh2 Kh8 19. Qg3 Qf6 20. f4 Rae8 21. b4 exf4 22. Qxf4 Rxe1 23. Rxe1 Ng5 24. Bb1 Qf7 25. h4 Nh7 26. Re6 Qh5 27. d4 Nf6 28. Ba2 Ng4+ 29. Kg3 Nf6 30. Qf3 Ne4+ 31. Kh3 Qxf3+ 32.
gxf3 Nxd2 0-1

[Event "*** Titled Tuesday Blitz"]
[Site "Chess.com"]
[Date "2020.04.28"]
[Round "7"]
[White "ChessQueen"]
[Black "Joshukid"]
[Result "1-0"]
[WhiteElo "2736"]
[BlackElo "2550"]
[TimeControl "180+1"]
[EndTime "11:17:58 PDT"]
[Termination "ChessQueen won by resignation"]

1. Nf3 Nf6 2. g3 d5 3. Bg2 Bg4 4. O-O c6 5. d4 e6 6. h3 Bh5 7.
c4 Nbd7 8. cxd5 exd5 9. Nh4 Bg6 10.
Nc3 Be7 11. Nxg6 hxg6 12. Qd3 O-O 13. Rb1 a5 14. Bf4 Re8 15. Bf3 Nf8 16. Kg2 Ne6 17.
Be3 c5 18. Nb5 Qb6 19. a4 c4 20. Qc2 g5 21. Rfd1 Rad8 22. Nc3 g6 23. Qc1 Qc6 24. Bxg5 Nxg5 25. Qxg5 Ne4 26. Qc1 Nxc3 27. bxc3 Qxa4 28. Rxb7 Qc6 29. Qb1 Bb4 30. Rxb4 axb4 31. Qxb4 Rb8 32. Qa3 Rb3 33. Qc1 Kg7 34. h4 Rh8 35. Rh1 Qe6 36. h5 gxh5 37. Qg5+ Kf8 38. Bxd5 Qxe2 39. Qf6 Rh7 40.
Ra1 Rb8 41. Qd6+ 1-0

[Event "*** Titled Tuesday Blitz"]
[Site "Chess.com"]
[Date "2020.04.28"]
[Round "7"]
[White "manitodeplomo"]
[Black "ZEN-22"]
[Result "1-0"]
[WhiteElo "2615"]
[BlackElo "2488"]
[TimeControl "180+1"]
[EndTime "11:17:58 PDT"]
[Termination "manitodeplomo won by checkmate"]

1. d4 c5 2. d5 e6 3. dxe6 fxe6 4. e4 Nc6 5. Nc3 Nf6 6. f4 d5 7. e5 d4 8. exf6 dxc3 9. Qxd8+ Kxd8 10. bxc3 gxf6 11.
Be3 Kc7 12. O-O-O Rg8 13. Nf3 Bd7 14. g3 Bd6 15. Bh3 Rae8 16. Rd2 Be7 17. Rxd7+ Kxd7 18.
Rd1+ Kc7 19. Bxe6 Rg7 20. Rd7+ Kb6 21. Nd2 Bf8 22. Nc4+ Kb5 23. Rxg7 Bxg7 24. Nd6+ Kb6 25. Nxe8 Bh8 26. f5 Ne5 27. Nd6 Kc6 28. Nc4 Ng4 29. Bg1 b5 30. Ne3 Ne5 31. Bd5+ Kb6 32. Be4 c4 33. Nd5+ Ka5 34. Nf4 Bg7 35. Bd4 Bh6 36. Kb2 Ng4 37. Nh5 Bg5 38. h4 Be3 39. Bxf6 Bf2 40.
Bd8+ Ka4 41. Nf6 b4 42. Nxg4 bxc3+ 43. Kxc3 Be1+ 44. Kxc4 Ka3 45. Be7+ Kxa2 46. f6 a5 47. f7 Bb4 48. f8=Q Bxe7 49. Qxe7 a4 50. Kc3 a3 51. Bd5+ Kb1 52. Qe1# 1-0

[Event "*** Titled Tuesday Blitz"]
[Site "Chess.com"]
[Date "2020.04.28"]
[Round "7"]
[White "David_Paravyan"]
[Black "Spartakus1975"]
[Result "0-1"]
[WhiteElo "2942"]
[BlackElo "2771"]
[TimeControl "180+1"]
[EndTime "11:17:59 PDT"]
[Termination "Spartakus1975 won by resignation"]

1. e4 e6 2. d4 d5 3. Nc3 Nf6 4. e5 Nfd7 5. f4 c5 6. Nf3 Nc6 7. Be3 Be7 8. Qd2 O-O 9. h4 c4 10. f5 b5 11. fxe6 fxe6 12. Ng5 Nb6 13. Nxb5 Rb8 14. a4 Nxa4 15. Rxa4 Rxb5 16. c3 Qb6 17.
Qc2 Rf5 18. Ra2 Nxe5 19. Bc1 Rxf1+ 20. Kxf1 Nd3 21. g3 e5 22. Kg2 Bf5 23. Qe2 Bxg5 24. Bxg5 Be4+ 25. Kh2 Bxh1 26. Kxh1 Rxb2 27. Qg4 Nf2+ 28.
Kg1 Nxg4 0-1

[Event "*** Titled Tuesday Blitz"]
[Site "Chess.com"]
[Date "2020.04.28"]
[Round "7"]
[White "TigrVShlyape"]
[Black "Andrei_Belozerov"]
[Result "1-0"]
[WhiteElo "2833"]
[BlackElo "2585"]
[TimeControl "180+1"]
[EndTime "11:17:59 PDT"]
[Termination "TigrVShlyape won by checkmate"]

1. d4 d5 2. Nf3 Nf6 3. Bf4 c5 4.
e3 Nc6 5. Nbd2 e6 6. c3 Bd6 7. Bg3 O-O 8. Bd3 b6 9. Qe2 Bb7 10. Rd1 Rc8 11. a3 Ne7 12. e4 c4 13.
Bb1 Nxe4 14. Nxe4 dxe4 15. Bxe4 Bxe4 16. Qxe4 Nd5 17. Bxd6 Qxd6 18. O-O b5 19. Ng5 Nf6 20. Qh4 a5 21. Rfe1 b4 22. axb4 axb4 23. Re3 h6 24. Ne4 Nxe4 25. Qxe4 Rfd8 26. h4 Qd5 27. Qg4 bxc3 28.
bxc3 Rb8 29. Rg3 g6 30. Qf4 Qh5 31. Ra1 Rb3 32. Qf6 Rf8 33. Re1 Qf5 34. Rxe6 Qxf6 35. Rxf6 Re8 36. Rc6 Re1+ 37. Kh2 Re2 38. Rf3 Rc2 39.
Rc8+ Kg7 40. Rc7 Rcxc3 41. Rcxf7+ Kg8 42. Rf8+ Kg7 43. R3f7# 1-0

[Event "*** Titled Tuesday Blitz"]
[Site "Chess.com"]
[Date "2020.04.28"]
[Round "7"]
[White "Kopytkin"]
[Black "Azatic"]
[Result "0-1"]
[WhiteElo "2378"]
[BlackElo "2638"]
[TimeControl "180+1"]
[EndTime "11:17:59 PDT"]
[Termination "Azatic won on time"]

1. e4 c5 2. d4 cxd4 3. c3 dxc3 4. Nxc3 d6 5. Nf3 e6 6. Bc4 Nf6 7. O-O Be7 8. Qe2 O-O 9. Rd1 Nc6 10. e5 Ne8 11.
Bf4 d5 12. Bd3 Nc7 13. h4 a6 14. Ng5 Bxg5 15. hxg5 b5 16. Qh5 g6 17. Qh6 Ne8 18. Be2 Ng7 19. g4 Qc7 20. Rd3 Rd8 21. Rh3 Kf8 22.
Qxh7 Ne8 23. Rd1 Bb7 24. Ne4 Ke7 25. Nf6 Nxe5 26. Bg3 d4 27. Rh6 d3 28. Bf1 Nf3+ 29.
Kg2 Nxg5+ 30. Kh2 Qxg3+ 31. fxg3 Nxh7 32. Rxh7 Nxf6 0-1

[Event "*** Titled Tuesday Blitz"]
[Site "Chess.com"]
[Date "2020.04.28"]
[Round "7"]
[White "WelshTiger"]
[Black "Oglob71"]
[Result "0-1"]
[WhiteElo "2347"]
[BlackElo "2490"]
[TimeControl "180+1"]
[EndTime "11:18:00 PDT"]
[Termination "Oglob71 won on time"]

1. e4 c5 2. Nf3 d6 3. d4 cxd4 4. Nxd4 Nf6 5. Nc3 Nc6 6. Be3 e5 7. Nxc6 bxc6 8. Bc4 Be7 9. O-O O-O 10. Bb3 a5 11. f4 a4 12. Bxa4 Nxe4 13. Bxc6 Nxc3 14. Qd3 Ra6 15. Qxc3 Bf6 16. Bb5 exf4 17. Qd3 Ra5 18. Rxf4 Bxb2 19. Rd1 Be5 20. Ra4 Rxa4 21. Bxa4 Qa5 22.
Bb3 Ba6 23. Qd5 Qc7 24. c4 Bb7 25. Qd2 Bc6 26. Rf1 h6 27. Bc2 Qe7 28. Bf4 Bxf4 29. Rxf4 Re8 30. Rf1 Qe5 31. Bb3 Re7 32. c5 Qxc5+ 33.
Kh1 Qe5 34. Qf2 d5 35. Qb6 Be8 36. Qc5 d4 37. Qxe5 Rxe5 38. Rd1 Re2 39. h3 Bc6 40.
Rxd4 Bxg2+ 41. Kg1 Bxh3 42. Rd8+ Kh7 43. Bxf7 Bf5 44.
Bb3 h5 45. Rd4 g6 46. Rf4 Kh6 47. Rf2 Re1+ 0-1

[Event "*** Titled Tuesday Blitz"]
[Site "Chess.com"]
[Date "2020.04.28"]
[Round "7"]
[White "vladislavkovalev"]
[Black "Durarbayli"]
[Result "1-0"]
[WhiteElo "2874"]
[BlackElo "2799"]
[TimeControl "180+1"]
[EndTime "11:18:01 PDT"]
[Termination "vladislavkovalev won by resignation"]

1. e4 c5 2. Be2 Nc6 3. d3 g6 4. f4 Bg7 5. Nf3 d6 6. O-O Bg4 7. c3 e6 8. Be3 Nge7 9. Nbd2 O-O 10.
d4 cxd4 11. cxd4 d5 12. e5 Nf5 13. Bf2 Bh6 14. g3 Qb6 15. Kg2 Rfc8 16. Qb3 Qxb3 17. Nxb3 Rc7 18. h3 Bxf3+ 19. Bxf3 Rac8 20. Rac1 b6 21. Be2 Nb4 22. a3 Rxc1 23. Rxc1 Rxc1 24. Nxc1 Nc2 25. Nb3 Nfe3+ 26. Kf3 Nc4 27. Bd3 N2xa3 28. bxa3 Nxa3 29. Be1 Bf8 30. Ba6 Be7 31. Ke2 Kf8 32.
Kd3 Ke8 33. Nc1 Kd7 34. Na2 Kc6 35. Bb4 Bxb4 36. Nxb4+ Kc7 37. Nc2 Nb1 38. Bb5 Kd8 39.
Ba4 a6 40. Bb3 1-0

[Event "*** Titled Tuesday Blitz"]
[Site "Chess.com"]
[Date "2020.04.28"]
[Round "7"]
[White "RaunakSadhwani2005"]
[Black "GMSrinath"]
[Result "1-0"]
[WhiteElo "2891"]
[BlackElo "2742"]
[TimeControl "180+1"]
[EndTime "11:18:01 PDT"]
[Termination "RaunakSadhwani2005 won by resignation"]

1. e4 c5 2. Nc3 d6 3. d4 cxd4 4. Qxd4 Nc6 5. Qd2 Nf6 6. b3 e6 7. Bb2 d5 8. exd5 exd5 9. O-O-O Be6 10. Bd3 Qa5 11. Nge2 Bb4 12. Qg5 Rg8 13. Kb1 O-O-O 14. Nb5 Be7 15. Nbd4 Nb4 16. a3 Nxd3 17. Rxd3 Bxa3 18.
Bxa3 Qxa3 19. Rc3+ Kd7 20. Rc7+ Ke8 21. Rxb7 Ne4 22.
Qe3 Rc8 23. f3 Nc5 24. Nb5 Qa6 25. Nc7+ Rxc7 26. Rxc7 Nd7 27. Nd4 Kd8 28. Rc6 Qa5 29.
Rxe6 fxe6 30. Nc6+ 1-0

[Event "*** Titled Tuesday Blitz"]
[Site "Chess.com"]
[Date "2020.04.28"]
[Round "7"]
[White "Unknown_IM"]
[Black "rynos0411"]
[Result "1-0"]
[WhiteElo "2513"]
[BlackElo "2367"]
[TimeControl "180+1"]
[EndTime "11:18:01 PDT"]
[Termination "Unknown_IM won by resignation"]

1. Nf3 Nf6 2. c4 g6 3. Nc3 Bg7 4. d4 O-O 5. e4 d6 6. Be2 Nc6 7. O-O e5 8. d5 Ne7 9. Ne1 Ne8 10. Nd3 f5 11. Bd2 f4 12. Bg4 h5 13. Bxc8 Qxc8 14. c5 Qd7 15. f3 g5 16. Nf2 Nf6 17.
b4 g4 18. Rc1 a5 19. a3 axb4 20. axb4 Ng6 21. fxg4 hxg4 22. c6 bxc6 23. dxc6 Qe6 24.
Nd5 Nxd5 25. exd5 Qxd5 26. Nxg4 e4 27. Bc3 Qg5 28. Bxg7 Kxg7 29. Qd4+ Kh7 30. h3 e3 31. Qd3 Rae8 32. b5 Kg8 33. Rce1 f3 34. Rxe3 Rxe3 35.
Qxe3 Qxe3+ 36. Nxe3 Rb8 37. Rb1 fxg2 38. Nd5 Rc8 39. Kxg2 Kf7 40. Re1 Ne5 41. Ra1 Ke6 42. Nf4+ Kf5 43. Ne2 Rb8 44. Ra7 Rxb5 45. Nd4+ 1-0

[Event "*** Titled Tuesday Blitz"]
[Site "Chess.com"]
[Date "2020.04.28"]
[Round "7"]
[White "xamax2000"]
[Black "Alexander_Zubov"]
[Result "1-0"]
[WhiteElo "2747"]
[BlackElo "2848"]
[TimeControl "180+1"]
[EndTime "11:18:03 PDT"]
[Termination "xamax2000 won by resignation"]

1. e4 c5 2. Nf3 d6 3. Bb5+ Nd7 4. d4 cxd4 5. Qxd4 a6 6. Bxd7+ Bxd7 7. Nc3 e5 8. Qd3 h6 9. Nd2 Nf6 10. Nc4 Be6 11. Ne3 Rc8 12. O-O Be7 13. a4 O-O 14.
Rd1 Qc7 15. a5 Rfd8 16. Qe2 Bf8 17. Qf3 b5 18. axb6 Qxb6 19. Bd2 Qb7 20. Be1 Rc5 21. b4 Rcc8 22. Ncd5 Nxd5 23. exd5 Bd7 24. Ra2 Bb5 25. Rc1 Bc4 26. Ra3 Qb5 27. Ra5 Qb6 28. Rca1 Bb5 29. c4 Bxc4 30. Nxc4 Rxc4 31. Rxa6 Qd4 32. Ra7 Qf4 33.
Qxf4 Rxf4 34. b5 Rb8 35. Rb1 Re4 36. Kf1 Rd4 37. b6 Rxd5 38. b7 1-0

[Event "*** Titled Tuesday Blitz"]
[Site "Chess.com"]
[Date "2020.04.28"]
[Round "7"]
[White "Abund"]
[Black "AttilaTurzo"]
[Result "1-0"]
[WhiteElo "2669"]
[BlackElo "2493"]
[TimeControl "180+1"]
[EndTime "11:18:03 PDT"]
[Termination "Abund won by resignation"]

1. Nf3 d5 2. d4 c6 3. c4 Nf6 4. e3 Bf5 5. Nc3 e6 6. Nh4 Be4 7. f3 Bg6 8. Qb3 Qb6 9. Nxg6 hxg6 10. Bd2 Nbd7 11. O-O-O Be7 12. Kb1 Qc7 13. g3 O-O 14. Rc1 Qb6 15. Qc2 dxc4 16. Bxc4 c5 17. d5 exd5 18. Nxd5 Nxd5 19. Bxd5 Nf6 20. Bb3 Qc6 21. e4 b5 22. e5 Nd5 23. Qe4 c4 24. Bc2 b4 25. h4 c3 26. Bb3 Rfd8 27. h5 Qe6 28.
bxc3 bxc3 29. Bxc3 Nxc3+ 30. Rxc3 Qf5 31. hxg6 Qxe4+ 32. fxe4 Bg5 33. gxf7+ Kf8 34. Rh8+ Ke7 35. Rc7+ 1-0

[Event "*** Titled Tuesday Blitz"]
[Site "Chess.com"]
[Date "2020.04.28"]
[Round "7"]
[White "NiranjanNavalgund"]
[Black "LionTheLeon_06"]
[Result "0-1"]
[WhiteElo "2486"]
[BlackElo "2657"]
[TimeControl "180+1"]
[EndTime "11:18:03 PDT"]
[Termination "LionTheLeon_06 won by resignation"]

1. d4 Nf6 2. c4 e6 3. Nc3 Bb4 4. e3 O-O 5. Bd2 b6 6. Nf3 Bb7 7. Bd3 d6 8. O-O Nbd7 9. a3 Bxc3 10. Bxc3 Qe7 11. Nd2 c5 12. f4 Rfd8 13. Qc2 Rac8 14. Rae1 h6 15. Qb1 d5 16. cxd5 Nxd5 17. e4 Nxc3 18.
bxc3 cxd4 19. cxd4 Nf6 20. Nb3 Qxa3 21. Rc1 Bxe4 22.
Rxc8 Rxc8 23. Bxe4 Nxe4 24. Qxe4 Qxb3 25. Qb7 Qc4 26.
f5 Qxd4+ 27. Kh1 Qc4 28. Kg1 Qc7 29. Qe4 Qc5+ 30. Kh1 exf5 31. Qf4 Re8 32. h3 a5 33. Qa4 Rd8 34. Qf4 b5 35. Qh4 Re8 36. Qh5 a4 37. Kh2 Qe5+ 38. Kh1 Qc5 39. Kh2 a3 40. Rxf5 Qc7+ 41. Kg1 a2 0-1

[Event "*** Titled Tuesday Blitz"]
[Site "Chess.com"]
[Date "2020.04.28"]
[Round "7"]
[White "CMS13"]
[Black "Vespasian23"]
[Result "1/2-1/2"]
[WhiteElo "2149"]
[BlackElo "2263"]
[TimeControl "180+1"]
[EndTime "11:18:03 PDT"]
[Termination "Game drawn - insufficient material"]

1. e4 c5 2. Nc3 Nc6 3. Bb5 d6 4. Bxc6+ bxc6 5. d3 e5 6. f4 Nf6 7. fxe5 dxe5 8. Nf3 Qc7 9. b3 Be7 10. O-O O-O 11. Na4 Nd7 12. Qe1 Nb6 13. Qa5 Bg4 14. Nxc5 f5 15. Ne6 Qd6 16. Nxf8 Rxf8 17. exf5 Bxf3 18.
gxf3 Qd4+ 19. Kh1 Qxa1 20. Qxa7 Bg5 21. Qxb6 Bxc1 22. Qxc6 Qb2 23. a4 Bf4 24. Rg1 Qd4 25. f6 Rxf6 26. Qxf6 Qxg1+ 27. Kxg1 gxf6 28. a5 Kf7 29.
Kf2 Bd2 30. a6 Bc3 31. Ke2 Bd4 32. b4 Ke6 33. c4 Ba7 34. c5 Kd5 35. Kd2 Kc6 36.
Ke3 f5 37. d4 exd4+ 38. Kxd4 Kb5 39. Ke5 Kxa6 40. Kxf5 Kb5 41. Kg5 Kxb4 42. c6 Bb6 43. Kh6 Kc5 44. Kxh7 Kxc6 45. f4 Kd6 46. f5 Ke7 47.
Kg6 Bd4 48. h4 Kf8 49. h5 Kg8 50. f6 Bxf6 51. Kxf6 Kh7 52. Kg5 Kg7 53. h6+ Kh7 54. Kh5 Kg8 55. Kg6 Kh8 56. Kf7 Kh7 57. Kf6 Kxh6 1/2-1/2

[Event "*** Titled Tuesday Blitz"]
[Site "Chess.com"]
[Date "2020.04.28"]
[Round "7"]
[White "kingnb"]
[Black "GukeshDommaraju"]
[Result "0-1"]
[WhiteElo "2482"]
[BlackElo "2756"]
[TimeControl "180+1"]
[EndTime "11:18:04 PDT"]
[Termination "GukeshDommaraju won by resignation"]

1. d4 Nf6 2. Nf3 d5 3. e3 e6 4. Bd3 c5 5. c3 Nc6 6. O-O Bd6 7. Nbd2 O-O 8. Qe2 e5 9. dxc5 Bxc5 10.
e4 Re8 11. exd5 Nxd5 12. Ne4 Bf8 13. Rd1 Qc7 14. g3 Bg4 15. Bc2 Rad8 16. Bg5 f6 17. Bb3 Be6 18. Bxd5 Bxd5 19. Bxf6 Bxe4 20. Bxd8 Bxf3 21.
Qxf3 Nxd8 22. Qd5+ Nf7 23. Qb5 Re7 24. Rd2 a6 25. Qe2 Qc6 26. h4 e4 27. Rd4 Ne5 28. Kf1 e3 29. f3 Nxf3 30. Rf4 Nd4 31. Qg2 e2+ 0-1

[Event "*** Titled Tuesday Blitz"]
[Site "Chess.com"]
[Date "2020.04.28"]
[Round "7"]
[White "martinique24"]
[Black "Kobalia"]
[Result "0-1"]
[WhiteElo "2439"]
[BlackElo "2690"]
[TimeControl "180+1"]
[EndTime "11:18:04 PDT"]
[Termination "Kobalia won on time"]

1. e4 c6 2. d4 d5 3. Nd2 g6 4. c3 Bg7 5. Bd3 Nh6 6. Ngf3 O-O 7. O-O f6 8. exd5 cxd5 9. c4 e6 10. Re1 Nc6 11. cxd5 exd5 12. h3 Bf5 13. Nb3 Bxd3 14. Qxd3 b6 15. Bxh6 Bxh6 16. Re6 Qd7 17. Rae1 Ne5 18.
dxe5 Qxe6 19. exf6 Qxf6 20. Qxd5+ Kh8 21. Nbd4 Rad8 22.
Qc4 Rde8 23. Rxe8 Rxe8 24. g3 Bg7 25. Kg2 h6 26. b3 Kh7 27. Nb5 a6 28. Nc7 Rc8 29. Nd5 Qe6 30. Qxa6 Rc2 31. Nf4 Qe3 32. Qf1 Rxa2 33. Nxg6 Qe4 34. Nf4 Bd4 35. Nd3 Re2 36. Qc1 Qxd3 37. Qc7+ Bg7 38. Qxb6 Qe4 39. Qc7 Rc2 40.
Qf7 Rc6 41. Kh2 Rf6 42. Ng5+ hxg5 43. Qh5+ Kg8 0-1

[Event "*** Titled Tuesday Blitz"]
[Site "Chess.com"]
[Date "2020.04.28"]
[Round "7"]
[White "etserga"]
[Black "isla88"]
[Result "1-0"]
[WhiteElo "2459"]
[BlackElo "2312"]
[TimeControl "180+1"]
[EndTime "11:18:05 PDT"]
[Termination "etserga won by resignation"]

1. Nf3 c5 2. c4 Nc6 3. d4 cxd4 4. Nxd4 e5 5. Nb5 d6 6. g3 Be7 7. Bg2 f5 8. O-O Nf6 9. N1c3 a6 10. Na3 O-O 11. Bd2 Be6 12. Nd5 e4 13. Nf4 Bf7 14.
Bc3 Ne5 15. c5 g5 16. Nh3 Nd5 17. Bxe5 dxe5 18. Nc4 g4 19. Nxe5 gxh3 20. Bxh3 Bxc5 21. Bxf5 Qf6 22. Ng4 Qg5 23. h4 Qh5 24. e3 Kh8 25. Bxe4 Rad8 26. Qe2 Be6 27. f3 Bxg4 28.
fxg4 Qe5 29. Rxf8+ Rxf8 30. Bxd5 Qxd5 31. Re1 Qe5 32.
Kg2 Qe4+ 33. Kh2 Rf3 34. Rf1 Qxe3 35. Qxf3 1-0

[Event "*** Titled Tuesday Blitz"]
[Site "Chess.com"]
[Date "2020.04.28"]
[Round "7"]
[White "Dynamikus"]
[Black "IMRosen"]
[Result "0-1"]
[WhiteElo "2740"]
[BlackElo "2577"]
[TimeControl "180+1"]
[EndTime "11:18:06 PDT"]
[Termination "IMRosen won by checkmate"]

1. e4 c5 2. Nf3 e6 3. d4 cxd4 4.
Nxd4 Nc6 5. Nc3 Qc7 6. Be3 a6 7. Qf3 Nf6 8. O-O-O Ne5 9. Qg3 b5 10. f4 Neg4 11. e5 Nxe3 12. Qxe3 b4 13. Ne4 Nxe4 14. Qxe4 Bb7 15. Qe1 Rc8 16. Bd3 Bc5 17. Nb3 Be7 18. f5 a5 19. Nd4 Bd5 20. Kb1 a4 21. Qg3 Qc5 22. Qxg7 Rf8 23. fxe6 fxe6 24. Bxh7 Kd8 25. Be4 Rf4 26. Rhe1 b3 27. axb3 axb3 28. Bxd5 bxc2+ 29. Nxc2 Qxc2+ 30. Ka1 Ra4+ 31. Ba2 Rxa2+ 32. Kxa2 Ra8# 0-1

[Event "*** Titled Tuesday Blitz"]
[Site "Chess.com"]
[Date "2020.04.28"]
[Round "7"]
[White "Korchmar_Vasiliy"]
[Black "Alopekos"]
[Result "1-0"]
[WhiteElo "2632"]
[BlackElo "2402"]
[TimeControl "180+1"]
[EndTime "11:18:06 PDT"]
[Termination "Korchmar_Vasiliy won by resignation"]

1. d4 Nf6 2. c4 e6 3. g3 d5 4.
Bg2 Be7 5. Nf3 O-O 6. O-O dxc4 7. Ne5 c5 8. dxc5 Qc7 9. Nxc4 Qxc5 10. b3 Rd8 11.
Nbd2 Nc6 12. Ba3 Nb4 13. Rc1 Qb5 14. e3 Bd7 15. Qe2 a5 16. Nf3 a4 17. Nd4 Qa6 18. Qd2 Nbd5 19. Bxe7 Nxe7 20. Ne5 axb3 21. axb3 Be8 22. Rfd1 Ned5 23. h3 h6 24. g4 Qb6 25.
Nc4 Qa6 26. Qe1 b5 27. Ra1 Qb7 28. Ne5 Rxa1 29. Rxa1 Ra8 30. Rc1 b4 31. h4 Rc8 32.
g5 hxg5 33. hxg5 Nd7 34. Nec6 Nc3 35. Ne7+ 1-0

[Event "*** Titled Tuesday Blitz"]
[Site "Chess.com"]
[Date "2020.04.28"]
[Round "7"]
[White "LucaBrasi1968"]
[Black "ajdemipopushi"]
[Result "1-0"]
[WhiteElo "2470"]
[BlackElo "2285"]
[TimeControl "180+1"]
[EndTime "11:18:06 PDT"]
[Termination "LucaBrasi1968 won on time"]

1. e4 c5 2. c3 d5 3. exd5 Qxd5 4. d4 g6 5. Nf3 Bg7 6. Be3 cxd4 7. cxd4 Nf6 8. Nc3 Qa5 9. Bc4 O-O 10. O-O Nbd7 11. Rc1 Nb6 12. Bb3 Nbd5 13. Nxd5 Nxd5 14. Bg5 e6 15.
Rc5 Qb6 16. Qd2 Bd7 17. Rfc1 Rfc8 18. h3 a5 19. Ne5 Rxc5 20. dxc5 Qc7 21. Bxd5 Bxe5 22.
Bf3 Bc6 23. Bxc6 Qxc6 24. Bf4 Bxf4 25. Qxf4 Rc8 26. Rc3 h5 27. Qd4 Rc7 28. g4 Rd7 29. Qe3 Rd1+ 30. Kh2 Qh1+ 31. Kg3 hxg4 32. hxg4 Rg1+ 33.
Kf4 Re1 34. Qf3 1-0

[Event "*** Titled Tuesday Blitz"]
[Site "Chess.com"]
[Date "2020.04.28"]
[Round "7"]
[White "HouseOfDurin"]
[Black "FMalexhdez"]
[Result "0-1"]
[WhiteElo "2042"]
[BlackElo "2111"]
[TimeControl "180+1"]
[EndTime "11:18:06 PDT"]
[Termination "FMalexhdez won on time"]

1. d4 Nf6 2. Bg5 d6 3. Bxf6 exf6 4. c4 f5 5. Nc3 g6 6. e3 Bg7 7. g3 O-O 8. Bg2 c6 9. Nge2 Nd7 10. O-O Nf6 11.
b4 Be6 12. Qd3 d5 13. cxd5 Nxd5 14. a3 a5 15. b5 cxb5 16. Qxb5 Nxc3 17. Nxc3 Rc8 18.
Rfc1 b6 19. Rab1 Qd6 20. a4 Qa3 21. Ne2 Ba2 22. Ra1 Qb3 23. Qd7 Rxc1+ 24. Nxc1 Qd1+ 25.
Bf1 Bc4 26. Nb3 Qxb3 27. Bxc4 Qxc4 28. Rb1 Rc8 29. Rxb6 Bf8 30. Kg2 Rc7 31. Qd8 Rc8 32. Qd7 Bb4 33. d5 Be1 0-1

[Event "*** Titled Tuesday Blitz"]
[Site "Chess.com"]
[Date "2020.04.28"]
[Round "7"]
[White "KrolPawel92OnTwitch"]
[Black "Gloomy_Wanderer"]
[Result "0-1"]
[WhiteElo "2661"]
[BlackElo "2823"]
[TimeControl "180+1"]
[EndTime "11:18:07 PDT"]
[Termination "Gloomy_Wanderer won by resignation"]

1. Nf3 f5 2. c4 Nf6 3. Nc3 g6 4. d4 Bg7 5. g3 O-O 6. Bg2 d6 7.
O-O c6 8. d5 e5 9. dxe6 Bxe6 10. Qa4 Na6 11. Ng5 Bc8 12. Rd1 h6 13. Nf3 Nc5 14.
Qc2 Qe7 15. Bf4 Rd8 16. Nd4 Nfe4 17. Nxe4 Nxe4 18. Rac1 Kh7 19. h4 Bd7 20. h5 g5 21.
Bxe4 fxe4 22. Be3 Kg8 23. Qb3 Bg4 24. f3 Bxh5 25. Nf5 Qe5 26. g4 exf3 27. exf3 Bg6 28. Bd4 Qf4 29. Qxb7 Bxd4+ 30. Rxd4 Qxc1+ 31. Kg2 Bxf5 32. gxf5 Rab8 33. Qxc6 Rxb2+ 34. Kg3 Qg1+ 0-1

[Event "*** Titled Tuesday Blitz"]
[Site "Chess.com"]
[Date "2020.04.28"]
[Round "7"]
[White "doons21"]
[Black "MrRooke6"]
[Result "1-0"]
[WhiteElo "2635"]
[BlackElo "2435"]
[TimeControl "180+1"]
[EndTime "11:18:07 PDT"]
[Termination "doons21 won on time"]

1. e4 d5 2. exd5 Nf6 3. Nc3 Nxd5 4. Bc4 Nb6 5. Bb3 Bf5 6. Qf3 e6 7. Qxb7 N8d7 8. Nb5 Rc8 9. Nxa7 Rb8 10. Qf3 Qf6 11. Nc6 Ra8 12. Ne2 Bd6 13. Ng3 O-O 14.
d4 Bxg3 15. hxg3 Rfe8 16. g4 Bg6 17. Qxf6 gxf6 18. c3 Be4 19. Nb4 Bxg2 20. Rg1 Be4 21. Be3 Ra5 22. O-O-O c5 23. dxc5 Nxc5 24. Bxc5 Rxc5 25.
Rd6 Rb8 26. Nd3 Rc7 27. Nf4 1-0